 Dungeon Crawl Stone Soup version 0.30-a0-358-g0d69a1922f (webtiles) character file.

Game seed: 10412815493736137294

4 gamesnag the Cudgeller (level 1, -2/20 HPs)
             Began as a Minotaur Berserker on Nov 10, 2022.
             Was a Follower of Trog.
             Slain by a gnoll
             ... wielding a +0 whip
              (3 damage)
             ... on level 1 of the Dungeon.
             The game lasted 00:00:59 (152 turns).

gamesnag the Cudgeller (Minotaur Berserker)          Turns: 152, Time: 00:01:00

Health: -2/20      AC:  2    Str: 21    XL:     1   Next: 58%
Magic:  0/0        EV: 12    Int:  4    God:    Trog [*.....]
Gold:   0          SH:  0    Dex:  9    Spells: 0/0 levels left

rFire   . . .      SeeInvis .    a - +0 mace
rCold   . . .      Faith    .    (no shield)
rNeg    . . .      Spirit   .    b - +0 animal skin
rPois   .          Reflect  .    (helmet restricted)
rElec   .          Harm     .    (no cloak)
rCorr   .          Rampage  .    (no gloves)
Will    .....                    (no boots)
Stlth   +.........               (no amulet)
HPRegen 0.23/turn                (no ring)
MPRegen 0.07/turn                (no ring)

@: no status effects
A: horns 2, retaliatory headbutt
a: Renounce Religion, Berserk


You were on level 1 of the Dungeon.
You worshipped Trog.
Trog was aware of your devotion.
You visited 1 branch of the dungeon, and saw 1 of its levels.

Inventory:

Hand Weapons
 a - a +0 mace (weapon)
Armour
 b - a +0 animal skin (worn)


   Skills:
 + Level 3.8 Fighting
 + Level 3.8 Maces & Flails
 + Level 2.5 Armour
 + Level 2.2 Dodging


You couldn't memorise any spells.
You didn't know any spells.
Your spell library was empty.

Dungeon Overview and Level Annotations

Branches:
Dungeon (1/15)

Altars:


Innate Abilities, Weirdness & Mutations

You have a pair of horns on your head.
You reflexively headbutt those who attack you in melee.


Message History

The hobgoblin hits you.
You sock the hobgoblin!
You kill the hobgoblin!
Trog accepts your kill.
You start resting.
HP restored.
c - a scroll labelled ZOETHO MUJATZ You open the door.
Found 2 throwing nets, 5 gold pieces and a grey potion.
There is an open door here.
A kobold comes into view. It is wielding a +0 dagger.
The kobold shouts!
A bat comes into view.
The bat barely misses you.
A gnoll comes into view. It is wielding a +0 whip.
The bat hits you but does no damage.
You see here 2 throwing nets.
The gnoll shouts!
The bat barely misses you. The kobold hits you but does no damage.
You barely miss the kobold. The bat misses you. You furiously retaliate!
You headbutt the bat.
You kill the bat!
Trog accepts your kill. The kobold hits you with a +0 dagger.
You barely miss the kobold. The kobold closely misses you.
You thump the kobold!
You kill the kobold!
Trog accepts your kill.
Things that are here:
a +0 dagger; a kobold corpse The gnoll hits you with a +0 whip!
The gnoll closely misses you. The gnoll hits you with a +0 whip.
* * * LOW HITPOINT WARNING * * *
The gnoll hits you with a +0 whip.
* * * LOW HITPOINT WARNING * * *
As you read the scroll labelled ZOETHO MUJATZ, it crumbles to dust.
The scroll dissolves into smoke.
It was a scroll of fog.
The gnoll misses you. The gnoll attacks as you move away!
The gnoll hits you with a +0 whip.
You die...

#..###### ##.......
##+#+#####.......######
#........#.............
#........#.!...........
##........#......$......
....#+# #......§§.....
......#####....§§§#
..........+...)g@§#
##.).....##....§§§####
#.......+...†(.......
#.......#'##########.
#...........#
#...........#######
#..................
###################


You could see a gnoll.

Vanquished Creatures
  2 hobgoblins (D:1)
  A bat (D:1)
  A frilled lizard (D:1)
  A kobold (D:1)
5 creatures vanquished.

Notes
Turn   | Place    | Note
-------+----------+-------------------------------------------
     0 | D:1      | gamesnag the Minotaur Berserker began the quest for the
                  | Orb.
     0 | D:1      | Reached XP level 1. HP: 19/19 MP: 0/0
   150 | D:1      | HP: 1/20 [gnoll/+0 whip (6)]
   152 | D:1      | Slain by a gnoll

Illustrated notes

Levels and vault maps discovered:
D:1:      saegor_arrival_simple_b, layout_basic

Action                   || total
-------------------------++-------
Melee: Mace              ||     9
       Headbutt          ||     1
  Use: Scroll            ||     1
Armor: Animal skin       ||     2
Dodge: Dodged            ||     8

Table legend: (Time is in decaauts)
 A = Elapsed time spent in this place.
 B = Non-inter-level travel time spent in this place.
 C = Inter-level travel time spent in this place.
 D = Time resting spent in this place.
 E = Time spent auto-exploring this place.
 F = Levels seen in this place.
 G = Mean time per level.
                   A        B        C        D        E       F      G
               +--------+--------+--------+--------+--------+-----+--------+
         Total |    154 |    154 |      0 |     27 |     17 |   1 |  154.0 |
       Dungeon |    154 |    154 |      0 |     27 |     17 |   1 |  154.0 |
               +--------+--------+--------+--------+--------+-----+--------+

Top non-repeatable levels by time:
     D:1: 154 daAuts
